 Dungeon Crawl Stone Soup version 0.28.0-47-ge53b351184 (webtiles) character file.

Game seed: 12909401979149378725

235 bobregger the Skirmisher (level 6, -5/67 HPs)
             Began as an Ogre Berserker on Apr 29, 2022.
             Was a Believer of Trog.
             Slain by Grinder (7 damage)
             ... on level 4 of the Dungeon.
             The game lasted 00:03:27 (3402 turns).

bobregger the Skirmisher (Ogre Berserker)           Turns: 3402, Time: 00:03:27

Health: -5/67      AC:  3    Str: 22    XL:     6   Next: 6%
Magic:  6/6        EV: 10    Int:  8    God:    Trog [**....]
Gold:   99         SH:  0    Dex: 10    Spells: 5/5 levels left

rFire   . . .      SeeInvis .   a - +0 mace
rCold   . . .      Faith    .   (no shield)
rNeg    . . .      Spirit   .   b - +0 animal skin
rPois   .          Reflect  .   (helmet restricted)
rElec   .          Harm     .   (no cloak)
rCorr   .          Rampage  .   (gloves unavailable)
Will    .....                   (boots unavailable)
Stlth   +.........              (no amulet)
HPRegen 0.21/turn               (no ring)
MPRegen 0.10/turn               (no ring)

@: on berserk cooldown, hasted and slowed
A: large, unfitting armour, tough skin 1
a: Renounce Religion, Berserk, Trog's Hand


You were on level 4 of the Dungeon.
You worshipped Trog.
Trog was pleased with you.
You visited 1 branch of the dungeon, and saw 4 of its levels.

You collected 99 gold pieces.

Inventory:

Hand Weapons
 a - a +0 mace (weapon)
Armour
 b - a +0 animal skin (worn)
Scrolls
 c - 4 scrolls of teleportation {unknown}
 d - a scroll of fog {unknown}
 e - a scroll of identify {unknown}
 g - 2 scrolls of blinking {unknown}
 k - a scroll of amnesia {unknown}
Potions
 h - a potion of resistance {unknown}
 i - a potion of attraction {unknown}
 j - 2 potions of mutation {unknown}
 l - a potion of lignification {unknown}
 m - a potion of berserk rage {unknown}
 n - a potion of ambrosia {unknown}


   Skills:
 * Level 6.2 Fighting
 + Level 3.5 Maces & Flails
 * Level 4.3 Dodging


You had 5 spell levels left.
You didn't know any spells.
Your spell library was empty.

Dungeon Overview and Level Annotations

Branches:
Dungeon (4/15)
 Temple: D:4-7

Altars:
Makhleb
Nemelex Xobeh

Annotations:
D:4 Grinder


Innate Abilities, Weirdness & Mutations

You are too large for most types of armour.
You have tough skin. (AC +1)


Message History

You closely miss Grinder.
Grinder is severely wounded.
Your skin stops crawling.
You feel less strong-willed. The giant cockroach barely misses you.
Grinder rolls her eyes.
Grinder gestures at you.
You suddenly lose the ability to move!
Grinder blinks!
The giant cockroach bites you. The giant cockroach bites you.
The giant cockroach bites you but does no damage. x2
Grinder hits you.
You writhe in agony.
The giant cockroach bites you but does no damage.
You can move again.
You sock Grinder!
Grinder is severely wounded.
Grinder hits you. The giant cockroach barely misses you.
Grinder blinks!
The giant cockroach bites you but does no damage.
It was a potion of haste.
You feel yourself speed up.
The giant cockroach bites you. x2; Grinder hits you!
* * * LOW HITPOINT WARNING * * *
You writhe in agony.
* * * LOW HITPOINT WARNING * * *
You barely miss Grinder.
Grinder is severely wounded.
The giant cockroach bites you but does no damage.
Grinder gestures at you. You resist with some effort.
You closely miss Grinder.
Grinder is severely wounded.
The giant cockroach bites you.
* * * LOW HITPOINT WARNING * * *
Grinder hits you!
* * * LOW HITPOINT WARNING * * *
You writhe in agony.
* * * LOW HITPOINT WARNING * * *
The giant cockroach bites you but does no damage.
You hit Grinder but do no damage.
Grinder is severely wounded.
Grinder hits you!
You die...

# ##.##
#####.#### # #.#
#.# # #.# #.# #
#.# #.# # ... #.#
# #####.### #
#.....[.# #
...##.#...#.#####
+
........B@.......
#
...##.#.5.#.#####
#.##....# #
####.# #.# #+#
..# #.# #.#
#####.# #.#
....#.## #.#


You could see Grinder and a giant cockroach.

Vanquished Creatures
  Sigmund (D:3)
  An adder (D:4)
  2 worms (D:2)
  3 dart slugs
  8 ball pythons
  3 bats
  7 endoplasms
  3 giant cockroaches
  4 goblins
  6 hobgoblins
  3 jackals (D:3)
  2 quokkas (D:1)
  6 frilled lizards
  2 kobolds
  6 rats
57 creatures vanquished.

Notes
Turn   | Place    | Note
-------+----------+-------------------------------------------
     0 | D:1      | bobregger the Ogre Berserker began the quest for the Orb.
     0 | D:1      | Reached XP level 1. HP: 24/24 MP: 1/1
   164 | D:1      | Found a faded altar of an unknown god.
   200 | D:1      | Reached XP level 2. HP: 29/32 MP: 2/2
   745 | D:1      | Reached XP level 3. HP: 33/40 MP: 3/3
  1722 | D:2      | Reached ** piety under Trog
  1799 | D:2      | Found a sparkling altar of Nemelex Xobeh.
  2118 | D:2      | Reached skill level 5 in Fighting
  2390 | D:3      | Reached XP level 4. HP: 50/50 MP: 4/4
  2529 | D:3      | Noticed Sigmund
  2538 | D:3      | Killed Sigmund
  2539 | D:3      | Reached skill level 6 in Fighting
  2539 | D:3      | Reached XP level 5. HP: 59/59 MP: 5/5
  2639 | D:3      | Found a burning altar of Makhleb.
  2866 | D:3      | Reached XP level 6. HP: 49/67 MP: 6/6
  3379 | D:4      | Noticed Grinder
  3394 | D:4      | Paralysed by Grinder for 4 turns
  3401 | D:4      | HP: 2/67 [Grinder (2)]
  3402 | D:4      | Slain by Grinder

Illustrated notes

Levels and vault maps discovered:
D:1:      sevenhm_arrival_forest_fort_large_2, layout_basic,
          hellmonk_ecumenical_altar_lost_god
D:2:      layout_basic, basic_altar, minmay_hexomino_f4
D:3:      layout_loops_ring, mainiacjoe_overflow_alcove_2, uniq_sigmund
D:4:      layout_loops_corners, uniq_grinder

Skill      XL: |  1  2  3  4 |
---------------+-------------+-----
Dodging        | 3 4 |  4.3
Maces & Flails | 3 |  3.5
Fighting       | 5 6 |  6.2

Action                   |  1- 3 |  4- 6 || total
-------------------------+-------+-------++-------
Melee: Mace              |   121 |    54 ||   175
       Punch             |     2 |       ||     2
Invok: Berserk           |     1 |     2 ||     3
       Trog's Hand       |       |     2 ||     2
  Use: Potion            |       |     1 ||     1
 Stab: Sleeping          |       |     1 ||     1
Armor: Animal skin       |    41 |    15 ||    56
Dodge: Dodged            |    77 |    37 ||   114
